AoeStats
← nicerboi

Arabian Desert

508951836Analyzed
1v1 RM · 8d ago on Sep 24, 2026· 52m 25s· 2 players
Game mode
Random Map
Map size
Tiny (2 player)
Population
200
Speed
Normal
Resources
Standard
Victory
Conquest
Starting age
Dark Age
Ending age
Imperial Age
RankedLock teamsTeams togetherTeam positionsShared explorationLock speedFull tech treeHidden civsTurbo modeCheats
Victory
Defeat
🇩🇪 Franks · Germany
1129
+15
🇺🇸 Magyars · United States
1100
-15
rocthemic13
10:17 Feudal Age
8:32 Loom
10:29 Man-at-Arms
13:15 Double-Bit Axe
15:05 Horse Collar
23:06 Castle Age
21:52 Fletching
22:02 Padded Archer Armor
26:08 Bow Saw
26:36 Bodkin Arrow
27:01 Leather Archer Armor
29:09 Ballistics
34:05 Bloodlines
33:56 Husbandry
35:32 Thumb Ring
40:52 Scale Barding Armor
43:33 Imperial Age
41:59 Gold Mining
44:56 Corvinian Army
45:00 Light Cavalry
46:38 Hussar
52:09 Pikeman
nicerboi
6:05 Loom
9:03 Feudal Age
9:39 Double-Bit Axe
18:44 Wheelbarrow
17:56 Town Watch
22:30 Castle Age
21:33 Scale Barding Armor
21:44 Gold Mining
22:49 Forging
24:17 Bow Saw
26:19 Husbandry
39:39 Imperial Age
43:42 Fletching
44:12 Chain Barding Armor
45:44 Iron Casting
44:59 Heavy Scorpion
48:01 Hand Cart
48:21 Cavalier
52:48 Blast Furnace
Connection lost

Rejoining the realm…

Still unreachable

The connection could not be restored.

Session expired

The server has moved on; the page needs a fresh start.